 Dungeon Crawl Stone Soup version 0.21.1-1-g345015f (webtiles) character file.

140 Lilu the Conjurer (level 5, -2/28 HPs)
             Began as a Deep Elf Conjurer on July 25, 2018.
             Killed by divine providence
             ... invoked by an orc priest
              (10 damage)
             ... on level 3 of the Dungeon.
             The game lasted 00:10:20 (2723 turns).

Lilu the Conjurer (Deep Elf Conjurer)               Turns: 2723, Time: 00:10:21

Health: -2/28      AC:  4    Str:  6    XL:     5   Next: 2%
Magic:  3/11       EV: 13    Int: 20    God:
Gold:   141        SH:  0    Dex: 15    Spells: 3/10 levels left

rFire    . . .     SeeInvis +   r - +0 whip (drain)
rCold    . . .     Gourm    .   (no shield)
rNeg     . . .     Faith    .   u - +1 robe {MR+}
rPois    .         Spirit   .   (no helmet)
rElec    .         Reflect  .   (no cloak)
rCorr    .         Harm     .   m - +0 pair of gloves
MR       +....                  (no boots)
Stlth    ++........             (no amulet)
HPRegen  0.09/turn              j - ring of see invisible
MPRegen  0.12/turn              s - ring of wizardry

@: no status effects
A: no striking features
a: no special abilities


You were on level 3 of the Dungeon.
You were hungry.

You visited 1 branch of the dungeon, and saw 4 of its levels.

You collected 141 gold pieces.

Inventory:

Hand Weapons
 r - a +0 whip of draining (weapon)
Armour
 a - a +0 robe
 m - a +0 pair of gloves (worn)
 u - a +1 robe of magic resistance (worn)
Jewellery
 j - a ring of see invisible (left hand)
 s - a ring of wizardry (right hand)
Wands
 t - a wand of digging (12)
Scrolls
 e - 6 scrolls of teleportation
 g - 2 scrolls of amnesia
 i - a scroll of remove curse
 k - 4 scrolls of identify
 l - a scroll of enchant weapon {unknown}
 n - a scroll of fear {unknown}
Potions
 d - a potion of mutation {unknown}
 f - a potion of brilliance {unknown}
 h - 2 potions of might {unknown}
 o - 3 potions of curing {unknown}
 p - a potion of haste {unknown}
 q - 2 potions of heal wounds {unknown}
Books
 b - a book of Conjurations

   Spells                             Type                      Level
   a - Magic Dart                     Conjuration                  1
   b - Searing Ray                    Conjuration                  2
   c - Dazzling Spray                 Conjuration/Hexes            3
   d - Fulminant Prism                Conjuration/Hexes            4
   e - Force Lance                    Conjuration/Translocation    4
   f - Iskenderun's Mystic Blast      Conjuration                  4
Comestibles
 c - 5 rations


   Skills:
 - Level 2.4 Dodging
 - Level 2.4 Stealth
 + Level 3.0 Spellcasting
 - Level 7.0 Conjurations


You had 3 spell levels left.
You knew the following spells:

 Your Spells              Type           Power        Failure   Level  Hunger
a - Magic Dart            Conj           ####         1%          1    None
b - Searing Ray           Conj           ####..       1%          2    ##.....
c - Iskenderun's Mystic   Conj           ####....     3%          4    ####...


Dungeon Overview and Level Annotations

Branches:
Dungeon (4/15)
 Temple: D:4-7

Altars:


Message History

Casting: Iskenderun's Mystic Blast
Confirm with . or Enter, or press ? or * to list all spells.
Aiming: Iskenderun's Mystic Blast
Press: ? - help, Shift-Dir - straight line, f/p - orc priest
Aim: an orc priest, wielding a dagger and wearing a scale mail The orb of energy hits the orc priest.
The orc priest is lightly wounded.
You are feeling hungry.
The orc barely misses you. The orc priest hits you with a dagger.
Casting: Iskenderun's Mystic Blast
Confirm with . or Enter, or press ? or * to list all spells.
You don't have enough magic to cast that spell.
Unknown command.
The orc misses you.
The orc priest calls down the wrath of Beogh upon you.
Beogh smites you!
* * * LOW HITPOINT WARNING * * *
The orc priest invokes the aid of Beogh against you.
Beogh smites you!
You die...

########....#..'........(.....
####.#.##..............
########.#.##..............
#.......>o..'..............
#.######.#.##.............. #.#
#(#.##.............. #.#
#.#o##.............. #.#
#.#.######.......... #.#
##.#@############.... #.#
#.................... #.#
####.################ #.#
#.#..<..# #.# #####.#...#.# #.#
#...#.#####.########## #####.##
#...#.................
#......###.(......##.##########
####.#...'........'....#


You could see an orc priest and an orc.

Vanquished Creatures
  2 orc wizards (D:3)
  4 adders
  An ooze (D:3)
  2 worms
  A dart slug (D:2)
  A leopard gecko (D:1)
  2 orcs (D:3)
  2 giant cockroaches (D:2)
  6 goblins
  6 hobgoblins
  3 kobolds
  A quokka (D:3)
  4 bats
  A frilled lizard (D:2)
  5 rats
41 creatures vanquished.

Notes
Turn   | Place    | Note
-------+----------+-------------------------------------------
     0 | D:1      | Lilu the Deep Elf Conjurer began the quest for the Orb.
     0 | D:1      | Reached XP level 1. HP: 10/10 MP: 6/6
   263 | D:1      | Reached XP level 2. HP: 15/15 MP: 4/8
   321 | D:1      | Reached skill level 5 in Conjurations
   340 | D:1      | Learned a level 2 spell: Searing Ray
  1000 | D:2      | Reached XP level 3. HP: 19/19 MP: 4/9
  1504 | D:3      | Found a faded altar of an unknown god.
  1539 | D:3      | Reached skill level 6 in Conjurations
  1711 | D:3      | Reached XP level 4. HP: 24/24 MP: 5/10
  1930 | D:3      | Learned a level 4 spell: Iskenderun's Mystic Blast
  2325 | D:3      | Reached skill level 7 in Conjurations
  2325 | D:3      | Reached XP level 5. HP: 28/28 MP: 3/11
  2723 | D:3      | Killed from afar by an orc priest

Skill      XL: |  1  2  3  4 |
---------------+-------------+-----
Conjurations   | 5 6 7 |  7.0
Dodging        | |  2.4
Stealth        | |  2.4
Spellcasting   | |  3.0

Action                   |  1- 3 |  4- 6 || total
-------------------------+-------+-------++-------
Melee: Whip              |       |     1 ||     1
 Cast: Magic Dart        |    54 |    22 ||    76
       Searing Ray       |     2 |     2 ||     4
       Iskenderun's Myst |       |     6 ||     6
  Use: Scroll            |     3 |       ||     3
  Eat: Chunk             |     2 |     4 ||     6
Armor: Robe              |       |     1 ||     1
Dodge: Dodged            |     2 |     5 ||     7
